 Dungeon Crawl Stone Soup version 0.28.0-47-ge53b351184 (webtiles) character file.

Game seed: 6569198358991874425

14101 Icepheonix32 the Frost Mage (level 11, -19/71 HPs)
             Began as a Demonspawn Ice Elementalist on Apr 25, 2022.
             Was a Priest of Hepliaklqana.
             Killed from afar by an ice dragon (58 damage)
             ... with a blast of cold
             ... on level 1 of the Lair of Beasts.
             The game lasted 00:36:13 (14617 turns).

Icepheonix32 the Frost Mage (DsIE)                 Turns: 14617, Time: 00:36:14

Health: -19/71     AC: 14    Str: 16    XL:     11   Next: 84%
Magic:  19/21      EV: 12    Int: 22    God:    Hepliaklqana [***...]
Gold:   712        SH:  0    Dex: 17    Spells: 2/24 levels left

rFire   . . .      SeeInvis .     - Unarmed
rCold   . . .      Faith    .   (no shield)
rNeg    + . .      Spirit   .   m - +4 robe of Augmentation {Str+4 Int+4 Dex+4}
rPois   .          Reflect  .   L - +2 helmet "Saifabio" {*Corrode +Blink rN+ Stlth+}
rElec   .          Harm     .   p - +0 cloak
rCorr   .          Rampage  .   (no gloves)
Will    .....                   q - +0 pair of boots
Stlth   +++.......              (no amulet)
HPRegen 0.21/turn               I - +4 ring of protection
MPRegen 0.17/turn               (no ring)

@: corroded
A: reduced essence, spiny 1, sharp scales 3, demonic touch 1
a: Renounce Religion, Evoke Blink, Recall Ancestor, Ancestor Identity,
Transference


You were on level 1 of the Lair of Beasts.
You worshipped Hepliaklqana.
Hepliaklqana was most pleased with you.
You visited 3 branches of the dungeon, and saw 13 of its levels.
You also visited: Ice Cave.

You collected 712 gold pieces.

Inventory:

Hand Weapons
 c - a +2 shortbow of flaming
 i - a +1 dagger of draining
 r - a +6 dagger of flaming
Missiles
 a - a curare-tipped dart
 f - 42 poisoned darts
 u - 175 arrows
Armour
 g - a +2 ring mail of positive energy
 m - the +4 robe of Augmentation (worn) {Str+4 Int+4 Dex+4}
   (You found it on level 10 of the Dungeon)

   Str:       It affects your strength (+4).
   Int:       It affects your intelligence (+4).
   Dex:       It affects your dexterity (+4).
 p - a +0 cloak (worn)
 q - a +0 pair of boots (worn)
 A - a +2 leather armour of willpower
 F - the +1 scale mail of a treasure trove {*Slow +Blink Int+6}
   (You found it on level 6 of the Dungeon)

   Int:       It affects your intelligence (+6).
   +Blink:    It lets you blink.
   *Slow:     It may slow you when you take damage.
 L - the +2 helmet "Saifabio" (worn) {*Corrode +Blink rN+ Stlth+}
   (You found it on level 8 of the Dungeon)

   rN:        It protects you from negative energy.
   +Blink:    It lets you blink.
   *Corrode:  It may corrode you when you take damage.
   Stlth:     It makes you more stealthy.
Jewellery
 I - a +4 ring of protection (left hand)
Wands
 b - a wand of polymorph (3)
 k - a wand of flame (25)
 l - a wand of paralysis (6)
 n - a wand of iceblast (37)
 H - a wand of acid (14)
Scrolls
 d - 3 scrolls of fog
 e - 2 scrolls of amnesia
 j - 4 scrolls of noise
 o - 2 scrolls of fear
 s - 2 scrolls of brand weapon
 w - a scroll of identify
 x - 5 scrolls of vulnerability
 y - 2 scrolls of blinking
 z - a scroll of holy word
 C - 4 scrolls of teleportation
 G - a scroll of enchant weapon
Potions
 h - 2 potions of mutation
 t - a potion of attraction
 v - a potion of haste
 B - a potion of heal wounds
 D - a potion of magic
 K - a potion of flight


   Skills:
 + Level 5.1 Fighting
 * Level 4.2 Armour
 - Level 2.1 Dodging
 - Level 1.7 Stealth
 * Level 8.2 Unarmed Combat
 + Level 7.0 Spellcasting
 + Level 0.3 Conjurations
 + Level 3.4 Hexes
 * Level 2.7 Necromancy
 + Level 1.5 Transmutations
 * Level 12.0 Ice Magic
 * Level 2.1 Evocations


You had 2 spell levels left.
You knew the following spells:

 Your Spells              Type           Power      Damage    Failure   Level
a - Freeze                Ice            100%       1d11      1%          1
b - Ozocubu's Armour      Ice            57%        N/A       1%          3
c - Frozen Ramparts       Ice            100%       1d12      1%          3
d - Confusing Touch       Hex            22%        N/A       6%          3
e - Wereblood             Tmut           14%        N/A       7%          2
f - Hailstorm             Conj/Ice       35%        3d9       6%          4
g - Simulacrum            Ice/Necr       20%        N/A       52%         6

Your spell library contained the following spells:

 Spells                   Type           Power      Damage    Failure   Level
 Slow                     Hex            88%        N/A       1%          1
 Beastly Appendage        Tmut           28%        N/A       4%          1
 Corpse Rot               Necr/Air       26%        N/A       7%          2
 Ice Form                 Ice/Tmut       37%        N/A       4%          4
 Vampiric Draining        Necr           19%        2d7       8%          3
 Spider Form              Tmut/Pois      11%        N/A       19%         3
 Cause Fear               Hex            11%        N/A       21%         4
 Gell's Gravitas          Tloc           7%         N/A       24%         3
 Lesser Beckoning         Tloc           7%         N/A       24%         3
 Teleport Other           Tloc           7%         N/A       24%         3
 Dispel Undead            Necr           19%        3d11      26%         4
 Freezing Cloud           Conj/Ice/Air   12%        6-21      38%         5
 Passage of Golubria      Tloc           7%         N/A       63%         4
 Silence                  Hex/Air        7%         N/A       75%         5
 Death Channel            Necr           9%         N/A       99%         6
 Dragon Form              Tmut           7%         N/A       100%        7
 Lehudib's Crystal Spear  Conj/Erth      4%         10d3      100%        8
 Dragon's Call            Summ           3%         N/A       100%        9
 Polar Vortex             Ice            28%        N/A       100%        9


Dungeon Overview and Level Annotations

Branches:
Dungeon (11/15)            Temple (1/1) D:4            Lair (1/6) D:9
    Orc (0/2) D:10          IceCv (visited)

Altars:
Ashenzari
Cheibriados
Dithmenos
Elyvilon
Fedhas
Gozag
Hepliaklqana
Kikubaaqudgha
Makhleb
Nemelex Xobeh
Okawaru
Qazlal
Ru
Sif Muna
Trog
Uskayaw
Vehumet
Wu Jian
Xom
Yredelemnul
Zin
The Shining One

Shops:
D:8 [

Annotations:
D:5 3 runed translucent doors, pkoi's ghost, amateur DgAE


Innate Abilities, Weirdness & Mutations

Your life essence is reduced to manifest your ancestor. (-10% HP)
You are partially covered in sharp spines.
You are completely covered in razor-sharp scales. (AC +3, Slay +3)
Your touch may inflict minor irresistible damage on your foes.


Message History

The ice dragon tramples you but does no damage.
You hit the ice dragon. Your touch misses the ice dragon.
The ice dragon is lightly wounded.
Octavia points at the ice dragon and mumbles some strange words.
The ice dragon easily resists.
The ice dragon bites you but does no damage.
The ice dragon claws you! The ice dragon misses you.
You hit the ice dragon but do no damage.
You touch the ice dragon.
The ice dragon is lightly wounded.
Octavia hits the ice dragon but does no damage.
The ice dragon misses you.
The ice dragon claws you but does no damage.
The ice dragon tramples you!
* * * LOW HITPOINT WARNING * * *
Your corrosive artefact corrodes you!
You stumble backwards!
Your icy armour cracks and falls away as you move.
Octavia hits the ice dragon but does no damage.
The ice dragon breathes frost at you. The blast of cold hits you!
* * * LOW HITPOINT WARNING * * *
You feel much better.
The bullfrog hits Octavia.
Octavia hits the bullfrog with a +0 dagger of draining!
The ice dragon breathes frost at you. The blast of cold misses you.
The bullfrog hits Octavia!
Octavia hits the five-headed hydra with a +0 dagger of draining.
Octavia drains the five-headed hydra.
Octavia hits the five-headed hydra with a +0 dagger of draining!
Octavia drains the five-headed hydra.
The five-headed hydra barely misses Octavia.
The five-headed hydra bites Octavia!
The five-headed hydra closely misses Octavia.
The five-headed hydra bites Octavia.
The five-headed hydra bites Octavia!
Octavia is destroyed!
Unknown command.
The bullfrog releases a deep croak.
The ice dragon breathes frost at you. The blast of cold hits you!!!
Ouch! That really hurt!
You die...

.≈ ........ .≈D ?D...
.......... .≈≈≈ #.F#
#.....#..# ≈≈≈≈. ##†#
#.(..#...## .. ≈≈≈≈..###†D#
#.....#...# .. ≈≈≈≈.......#
#....##...# ....
≈≈≈...#....#
#....##...#..... ≈≈≈..
###.D###....##...##....
≈≈≈...#
#...@.....##.........
≈≈.....
######...<......#....
≈≈#...# ##....####.##.... ≈
#...#######.....#.##..#....
#..........................
#..........................
##..........................
#...........................
##.###'.###.....>...........


You could see an ice dragon (catching breath).

Vanquished Creatures
  A centaur warrior (D:11)
  A two-headed ogre (D:11)
  A death yak (Lair:1)
  Pikel (D:5)
  A cyclops (D:10)
  2 slime creatures (D:10)
  Maurice (D:9)
  A kobold demonologist (D:11)
  4 komodo dragons
  A polar bear (Lair:1)
  A meliai zombie (D:6)
  A basilisk (D:9)
  Eustachio (D:6)
  8 yaks (D:9)
  An acid dragon (D:9)
  2 water moccasins
  Duvessa (D:5)
  A hornet zombie (D:8)
  2 ice beasts
  A necrophage (D:6)
  A sky beast (D:6)
  5 orc warriors
  A black bear (D:6)
  4 ogres
  A wolf (Lair:1)
  10 centaurs
  3 kobold brigands
  A bullfrog (D:8)
  A wyvern zombie (D:4)
  8 scorpions
  2 cane toad simulacra (Lair:1)
  A water moccasin zombie (D:5)
  A water moccasin skeleton (D:5)
  Dowan (D:5)
  4 killer bees (D:9)
  2 hounds
  6 centaur zombies
  Crazy Yiuf (D:3)
  2 jellies
  A bullfrog skeleton (D:5)
  7 orc priests
  A bullfrog zombie (D:5)
  A scorpion zombie (D:5)
  3 iguanas
  9 orc wizards
  A polar bear simulacrum (IceCv)
  2 wolf simulacra (IceCv)
  A killer bee zombie (D:8)
  A hound skeleton (D:5)
  3 howler monkey zombies
  Robin (D:3)
  7 adders
  2 white imps
  3 ufetubi
  A dart slug (D:1)
  35 orcs
  8 ball pythons
  11 bats
  8 endoplasms
  14 goblins
  12 hobgoblins
  5 jackals (D:1)
  A quokka (D:2)
  4 frilled lizards
  17 kobolds
  4 rats
251 creatures vanquished.

Vanquished Creatures (collateral kills)
  A two-headed ogre (D:11)
  Grinder (D:6)
  A wyvern (D:8)
  2 yaks (D:9)
  Edmund (D:6)
  A hornet zombie (D:6)
  3 centaurs
  An ogre (D:7)
  A bullfrog (D:8)
  A howler monkey (D:7)
  A hound (D:6)
  A wolf simulacrum (IceCv)
15 creatures vanquished.

Vanquished Creatures (others)
  3 hexers
  5 ancestors
  A fungus (Lair:1)
9 creatures vanquished.

Grand Total: 275 creatures vanquished

Notes
Turn   | Place    | Note
-------+----------+-------------------------------------------
     0 | D:1      | Icepheonix32 the Demonspawn Ice Elementalist began the
                  | quest for the Orb.
     0 | D:1      | Reached XP level 1. HP: 13/13 MP: 3/3
   421 | D:1      | Reached skill level 4 in Ice Magic
   465 | D:1      | Gained mutation: You are partially covered in razor-sharp
                  | scales. (AC +1, Slay +1) [demonic ancestry]
   465 | D:1      | Reached XP level 2. HP: 19/19 MP: 5/5
   478 | D:1      | Found a faded altar of an unknown god.
  1240 | D:1      | Reached XP level 3. HP: 11/25 MP: 1/6
  2125 | D:2      | Reached skill level 1 in Fighting
  2133 | D:2      | Learned a level 3 spell: Ozocubu's Armour
  2256 | D:2      | Gained mutation: Your touch may inflict minor irresistible
                  | damage on your foes. [demonic ancestry]
  2256 | D:2      | Reached XP level 4. HP: 30/32 MP: 7/7
  2462 | D:2      | Learned a level 3 spell: Frozen Ramparts
  2575 | D:3      | Noticed Robin
  2594 | D:3      | Killed Robin
  2595 | D:3      | Reached skill level 5 in Ice Magic
  2772 | D:3      | Reached XP level 5. HP: 5/37 MP: 1/8
  3434 | D:3      | Found a runed translucent door.
  3435 | D:3      | Noticed Crazy Yiuf
  3449 | D:3      | Killed Crazy Yiuf
  3581 | D:4      | Noticed an ogre
  3587 | D:4      | Noticed an ogre
  3609 | D:4      | Noticed an ogre
  3697 | D:4      | Found a staircase to the Ecumenical Temple.
  3719 | Temple   | Entered the Ecumenical Temple
  4281 | Temple   | Became a worshipper of Hepliaklqana the Forgotten
  4417 | D:4      | Killed an ogre
  4418 | D:4      | Reached skill level 1 in Unarmed Combat
  4768 | D:3      | Reached skill level 6 in Ice Magic
  4768 | D:3      | Gained mutation: You are partially covered in sharp spines.
                  | [demonic ancestry]
  4768 | D:3      | Reached XP level 6. HP: 32/44 MP: 2/9
  5082 | D:3      | Reached XP level 7. HP: 22/51 MP: 3/10
  5522 | D:4      | Reached skill level 7 in Ice Magic
  6072 | D:5      | Entered Level 5 of the Dungeon
  6232 | D:5      | Learned a level 3 spell: Confusing Touch
  6245 | D:5      | Noticed Pikel
  6266 | D:5      | Killed Pikel
  6267 | D:5      | Reached skill level 1 in Hexes
  6267 | D:5      | Reached skill level 8 in Ice Magic
  6267 | D:5      | Reached XP level 8. HP: 42/59 MP: 4/11
  6851 | D:5      | Reached skill level 9 in Ice Magic
  7044 | D:5      | Noticed Dowan
  7047 | D:5      | Noticed Duvessa
  7056 | D:5      | Killed Duvessa
  7105 | D:5      | Killed Dowan
  7106 | D:5      | Reached XP level 9. HP: 27/65 MP: 5/13
  7308 | D:5      | Found a runed translucent gate.
  7308 | D:5      | Found a runed translucent gate.
  7308 | D:5      | Found a runed translucent gate.
  7309 | D:5      | Noticed pkoi's ghost (amateur DgAE)
  7336 | D:5      | Reached * piety under Hepliaklqana
  7490 | D:6      | Noticed Eustachio
  7671 | D:6      | Noticed Edmund
  7684 | D:6      | Killed Edmund
  7776 | D:6      | Noticed Grinder
  7794 | D:6      | Killed Grinder
  7844 | D:6      | Reached skill level 10 in Ice Magic
  7890 | D:6      | Learned a level 2 spell: Wereblood
  7962 | D:6      | Killed Eustachio
  7973 | D:6      | Identified the +1 scale mail of a treasure trove {*Slow
                  | +Blink Int+6}
  8778 | D:7      | Reached skill level 5 in Unarmed Combat
  8778 | D:7      | Gained mutation: You are mostly covered in razor-sharp
                  | scales. (AC +2, Slay +2) [demonic ancestry]
  8778 | D:7      | Reached XP level 10. HP: 65/65 MP: 17/17
  8792 | D:7      | Reached skill level 5 in Spellcasting
  9320 | D:8      | Found Hadaf's Antique Armour Boutique.
  9342 | D:8      | Reached ** piety under Hepliaklqana
  9517 | D:8      | Identified the +2 helmet "Saifabio" {*Corrode +Blink rN+
                  | Stlth+}
 10739 | D:9      | Reached skill level 1 in Armour
 10903 | D:9      | Noticed Maurice
 10917 | D:9      | Killed Maurice
 11209 | D:9      | Found a staircase to the Lair.
 11418 | D:9      | Reached skill level 11 in Ice Magic
 11599 | D:9      | Found a shimmering altar of Xom.
 11864 | D:9      | Gained mutation: You are completely covered in razor-sharp
                  | scales. (AC +3, Slay +3) [demonic ancestry]
 11864 | D:9      | Reached XP level 11. HP: 64/70 MP: 13/20
 12241 | D:10     | Entered Level 10 of the Dungeon
 12357 | D:10     | Found a staircase to the Orcish Mines.
 12736 | D:10     | Reached *** piety under Hepliaklqana
 12764 | D:10     | Reached skill level 1 in Transmutations
 12885 | D:10     | Learned a level 4 spell: Hailstorm
 13164 | D:10     | Remembered your ancestor Octavia as a hexer
 13265 | D:10     | Found the +4 robe of Augmentation {Str+4 Int+4 Dex+4}
 13395 | D:10     | Learned a level 6 spell: Simulacrum
 13447 | D:11     | Noticed a six-headed hydra
 13545 | D:11     | Noticed a two-headed ogre
 13554 | D:11     | Killed a two-headed ogre
 13555 | D:11     | Reached skill level 1 in Necromancy
 13658 | D:11     | Noticed a two-headed ogre
 13669 | D:11     | Killed a two-headed ogre
 13670 | D:11     | Reached skill level 1 in Evocations
 13681 | D:11     | Found a frozen archway.
 13682 | D:11     | Noticed a centaur warrior
 13691 | D:11     | Killed a centaur warrior
 13693 | D:11     | Reached skill level 5 in Fighting
 13773 | IceCv    | Entered an ice cave
 13773 | IceCv    | Noticed a white ugly thing
 13783 | IceCv    | HP: 1/71 [wolf simulacrum (10)]
 14411 | Lair:1   | Entered Level 1 of the Lair of Beasts
 14543 | Lair:1   | Noticed an ice dragon
 14544 | Lair:1   | Noticed a death yak
 14560 | Lair:1   | Killed a death yak
 14561 | Lair:1   | Reached skill level 12 in Ice Magic
 14607 | Lair:1   | Noticed a five-headed hydra
 14617 | Lair:1   | Killed from afar by an ice dragon

Illustrated notes

Levels and vault maps discovered:
D:1:      dpeg_arrival_three_same_balls, layout_basic,
          dreamdust_ecumenical_altar_angels_and_demons,
          corexii_leaking_fountain, minmay_vboxes
D:2:      layout_rooms
D:3:      layout_basic, minmay_misc_feat_doors, minmay_misc_feat_more_columns,
          uniq_crazy_yiuf_cottage, uniq_robin
D:4:      layout_cave_pools, minmay_temple_entry_purple_smoke
D:5:      wad_river_or_something, layout_basic, gammafunk_ghost_nasty_kobolds,
          uniq_pikel, uniq_duvessa
D:6:      layout_cave_pools, kennysheep_generic_room_12, uniq_grinder,
          uniq_eustachio, uniq_edmund
D:7:      layout_rooms, chequers_serial_rivers_micro_b,
          chequers_decorated_corner
D:8:      layout_basic, serial_shops, nicolae_take_the_stairs, st_stairs_5,
          chequers_serial_rivers_small_a
D:9:      layout_irregular_city, mainiacjoe_overflow_six_doors_small,
          erik_lair_dragon, uniq_maurice
D:10:     layout_loops_corners, david_orc_2
D:11:     layout_loops_ring, portal_ice_cave_entry_pillars_1, grunt_ministairs_6
Temple:   mainiacjoe_temple_starburst
Lair:1:   dreamdust_isle_of_ice, layout_regular_city, basic_altar, uniq_harold

Skill      XL: |  1  2  3  4  5  6  7  8  9 10 11 |
---------------+----------------------------------+-----
Ice Magic      | 4 5 6 8 9 10 11 12 | 12.0
Dodging        | 2 |  2.1
Fighting       | 1 2 3 4 5 |  5.1
Unarmed Combat | 1 2 3 5 7 8 |  8.2
Hexes          | 1 2 3 |  3.4
Spellcasting   | 3 4 6 7 |  7.0
Armour         | 3 4 |  4.2
Transmutations | 1 |  1.5
Necromancy     | 2 |  2.7
Evocations     | 2 |  2.1
Stealth        | |  1.7
Conjurations   | |  0.3

Action                   |  1- 3 |  4- 6 |  7- 9 | 10-12 || total
-------------------------+-------+-------+-------+-------++-------
Melee: Unarmed           |    20 |       |    95 |   215 ||   330
       Dagger            |    82 |    65 |   121 |       ||   268
       Short sword       |     3 |       |       |       ||     3
       Punch             |     2 |       |    10 |    20 ||    32
       Touch             |       |    10 |    54 |    51 ||   115
Throw: Dart              |       |       |     7 |     4 ||    11
 Cast: Freeze            |    33 |     3 |       |       ||    36
       Frozen Ramparts   |       |     8 |    18 |    24 ||    50
       Ozocubu's Armour  |       |     7 |    12 |    26 ||    45
       Confusing Touch   |       |       |     1 |     2 ||     3
       Wereblood         |       |       |       |     4 ||     4
       Hailstorm         |       |       |       |     4 ||     4
Invok: Recall Ancestor   |       |       |     1 |       ||     1
       Ancestor Life: He |       |       |       |     1 ||     1
Evoke: Wand              |       |       |     1 |       ||     1
  Use: Scroll            |       |     9 |     4 |     8 ||    21
       Potion            |       |     6 |       |     4 ||    10
 Stab: Sleeping          |     3 |     3 |     3 |     6 ||    15
       Distracted        |       |       |     1 |     2 ||     3
Armor: Robe              |    46 |    28 |    26 |    60 ||   160
       Leather armour    |       |       |    61 |    24 ||    85
       Scale mail        |       |       |       |    43 ||    43
       Skin              |       |       |       |    23 ||    23
Dodge: Dodged            |   107 |    48 |   130 |   143 ||   428
